[Event "85th Tata Steel Challengers 2023"]
[Site "Wijk aan Zee"]
[Date "2023.01.21"]
[Round "7.7"]
[White "Adhiban, B.."]
[Black "Pechac, Jergus"]
[Result "0-1"]
[ECO "C65"]
[WhiteElo "2610"]
[BlackElo "2637"]
[Annotator "TA"]
[PlyCount "72"]
[EventDate "2023.01.10"]
[EventType "tourn"]
[EventCountry "NED"]
[SourceTitle "playchess.com"]
[Source "ChessBase"]
[SourceQuality "1"]
[TimeControl "40/6000+30:30/3000+30:900+30"]

1. e4 e5 2. Nf3 Nc6 3. Bb5 Nf6 4. d3 Bc5 5. Bxc6 dxc6 6. Nbd2 {[%emt 0:00:04] C65: Ruy Lopez: Berlin Defence (3...Nf6), unusual lines and 4 0-0 Bc5.} Nd7 7. Nc4 f6 8. O-O {[%emt 0:07:09] [#] The position is equal. 8.c3 is more fashionable.} a5 $146 ({Predecessor:} 8... O-O 9. Ne3 Rf7 10. Nf5 Bf8 11. Kh1 Nc5 12. g4 g6 13. Ne3 a5 14. a4 b5 {0-1 Abdusattorov,N (2713)-So,W (2760) Speed Chess Chess.com INT blitz 2022 (1.12)}) 9. d4 exd4 10. Nxd4 Qe7 {[%emt 0:01:17] Prevents Ne6} 11. Nf5 Qf7 12. b3 b5 13. Nd2 g6 14. Nh6 {[%emt 0:08:11] Excellent horsemanship.} Qg7 15. Nf3 Bb7 16. Ng4 (16. Nd4 $1 $11 Qe7 17. Ndf5) 16... h5 $36 {[%emt 0:14:21][%mdl 2048] Keeping White busy.} 17. Ne3 O-O-O 18. Bb2 Rhe8 (18... Bxe3 {feels hotter.} 19. fxe3 Nc5 20. Nd2 Nxe4 21. Nxe4 Rxd1 22. Raxd1 Qh6) 19. Nd2 Bb6 20. Qf3 Ne5 21. Bxe5 Rxe5 {[%emt 0:00:08] White is now going downhill.} ({Much weaker is} 21... fxe5 $6 22. Qe2 $11) 22. Rad1 Rde8 {[%emt 0:02:14][%cal Of6f5] Black is much more active. The white rooks are badly placed.} 23. Rfe1 Kb8 24. h3 {[%emt 0:01:33] [#]} (24. Kf1 $142) 24... f5 $1 25. Nef1 (25. c4 $142) (25. a4 fxe4) 25... Qe7 26. Qg3 fxe4 27. Ne3 Bc5 28. Qxg6 $2 (28. Re2 {keeps fighting.}) 28... Rg5 $19 29. Qh6 {[%emt 0:00:07][%cal Od2e4] [#]} Reg8 $1 {[%emt 0:03:20] Dodges Nxe4. And now ...Bxe3 would win.} 30. Ndf1 Qe5 31. h4 R5g6 32. Qh7 (32. Rd8+ Ka7 33. Qh7) 32... R6g7 {[%emt 0:00:21] Black is clearly winning.} 33. Qh6 Ka7 34. Ng3 Rxg3 35. fxg3 Qxg3 36. Re2 Rg6 {[%emt 0:00:06] Weighted Error Value: White=0.77/Black=0.19 (very precise)} 0-1

[Event "85th Tata Steel Challengers 2023"]
[Site "Wijk aan Zee"]
[Date "2023.01.22"]
[Round "8.1"]
[White "Mishra, Abhimanyu"]
[Black "Donchenko, Alexander"]
[Result "1/2-1/2"]
[ECO "D12"]
[WhiteElo "2559"]
[BlackElo "2627"]
[Annotator "TA"]
[PlyCount "57"]
[EventDate "2023.01.10"]
[EventType "tourn"]
[EventCountry "NED"]
[SourceTitle "playchess.com"]
[Source "ChessBase"]
[SourceQuality "1"]
[TimeControl "40/6000+30:30/3000+30:900+30"]

1. d4 Nf6 2. c4 c6 3. Nf3 d5 4. e3 Bf5 5. Nc3 e6 6. Nh4 Be4 7. f3 Bg6 {[%emt 0:00:08] D12: Slav Defence: 3 Nf3 Nf6 4 e3 Bf5.} 8. Bd2 Be7 $1 {[%emt 0:00:13] 8...Be7 is better than 8...Nbd7.} 9. Nxg6 hxg6 {[%emt 0:00:07] White has an edge.} 10. Qc2 Nbd7 11. O-O-O a6 12. Kb1 dxc4 $1 13. Bxc4 c5 14. g4 {[%emt 0:03:48] [#]} Nb6 $146 {[%emt 0:00:25] [#]} ({Predecessor:} 14... cxd4 15. exd4 Nb6 16. Bb3 Rc8 17. Qd3 Nbd5 18. Nxd5 Nxd5 19. f4 Qd7 20. f5 gxf5 21. gxf5 exf5 {1-0 Vidit,S (2724)-Nyzhnyk,I (2687) Saint Louis Fall-A 2022 (9)}) 15. dxc5 $1 Nxc4 16. Qa4+ Nd7 {[%emt 0:00:12] And now ...Nxd2+ would win.} 17. Qxc4 Nxc5 18. Ne4 Nxe4 19. Qxe4 Qb6 20. Bc3 Bf6 21. Bxf6 gxf6 22. h4 Rd8 $1 23. Rxd8+ Qxd8 $11 {[%emt 0:00:13][%mdl 4096] Endgame KQR-KQR} 24. a3 Kf8 25. h5 Kg7 26. Rc1 gxh5 {[%emt 0:07:46] The position is equal.} 27. gxh5 (27. Qxb7 $2 {too greedy.} h4 28. Qxa6 Qd2 $19) 27... Rxh5 28. Qxb7 Qd3+ 29. Ka1 {[%emt 0:02:53] A rather calm draw.   Weighted Error Value: White=0.08 (flawless) /Black=0.03 (flawless)} 1/2-1/2

[Event "85th Tata Steel Challengers 2023"]
[Site "Wijk aan Zee"]
[Date "2023.01.22"]
[Round "8.2"]
[White "Yilmaz, Mustafa"]
[Black "Sindarov, Javokhir"]
[Result "1-0"]
[ECO "A16"]
[WhiteElo "2609"]
[BlackElo "2654"]
[Annotator "TA"]
[PlyCount "75"]
[EventDate "2023.01.10"]
[EventType "tourn"]
[EventCountry "NED"]
[SourceTitle "playchess.com"]
[Source "ChessBase"]
[SourceQuality "1"]
[TimeControl "40/6000+30:30/3000+30:900+30"]

1. Nf3 {[%emt 0:00:03] Mikhalchishin,Adrian} Nf6 2. c4 g6 3. Nc3 Bg7 4. e4 e5 5. Nxe5 O-O 6. Nf3 {[%emt 0:03:03] A16: English Opening: 1...Nf6 with ...d5.} Re8 $1 7. Bd3 $1 {[%emt 0:00:38][%mdl 4] is now more promising than 7.d3.} Nxe4 8. Bxe4 {[%emt 0:01:00] Black must now prevent d3. The position is equal.} Bxc3 {[%emt 0:00:10][%mdl 64] [#] Remove Defender} 9. dxc3 Rxe4+ 10. Be3 d6 11. c5 d5 {[%emt 0:11:45] [#]} 12. O-O $146 ({Predecessor:} 12. h3 b6 13. O-O Bb7 14. Re1 Nd7 15. Nd2 Re8 16. Nb3 Qh4 17. Qd2 f6 18. f4 {1-0 So,W (2754)-Mamedyarov,S (2774) Croatia GCT Zagreb 2019 (6)}) 12... Bg4 13. Qb3 (13. Re1 $5 ) 13... Nc6 (13... Bxf3 $1 $11 14. gxf3 Re5) 14. Nd4 ({Don't play} 14. Qxb7 Bxf3 15. Qxc6 (15. gxf3 Re6 $11) 15... Rg4 $11) (14. Nd2 $5 Re6 15. Rfe1 $11) 14... Na5 15. Qb5 b6 16. c6 {[%emt 0:08:30] Prevents Bd7.} (16. Rfe1 $14) 16... Qd6 (16... Nc4 $11) 17. Bg5 $14 f6 18. Bc1 Bf5 19. b3 a6 {[%emt 0:08:30] [#]} 20. Qd3 ({Of course not} 20. Nxf5 gxf5 21. Qd3 Rae8 $11) (20. Qa4 $1 $16) 20... Nxc6 $11 {[%emt 0:00:48][%cal Oe4d4] Threatens to win with ...Rxd4!} 21. Nxf5 gxf5 22. f3 Ne5 {[%emt 0:01:16] White now steadily converts the win.} (22... Re7 $11) 23. Qc2 $16 Rh4 24. Qxf5 {[%emt 0:01:38] Strongly threatening g3.} Rxh2 $2 (24... Kf7 $16 {was necessary.}) 25. f4 $18 {[%emt 0:01:13][%cal Of4e5] fxe5! is the strong threat.} (25. Kxh2 $2 {perishes.} Nxf3+ 26. Kh3 Qh2+ 27. Kg4 Qxg2+ 28. Kh5 Qh2+ 29. Kg4 Ne5+ $19) 25... Rxg2+ $2 (25... Rh4) 26. Kxg2 Ng6 {[%emt 0:00:04] ...Nh4+ would be deadly.} 27. Qh3 {[%emt 0:02:40] Prevents Nh4+} d4 28. Bd2 Kh8 29. Rae1 dxc3 30. Qxc3 Rg8 31. Kf3 Ne7 32. Ke2 Nd5 33. Qf3 Qc6 34. Rc1 Qd7 35. Kd1 Nb4 36. Rc4 Rd8 37. Qc3 ({White should try} 37. Qe3 $18 c5 38. Re4) 37... Nd3 (37... Qg4+ $11 38. Qf3 Qd7) 38. Qxf6+ {[%emt 0:00:12] Artfully played by Yilmaz.   Weighted Error Value: White=0.20 (precise) /Black=0.42} 1-0

[Event "85th Tata Steel Challengers 2023"]
[Site "Wijk aan Zee"]
[Date "2023.01.22"]
[Round "8.3"]
[White "Ivic, Velimir"]
[Black "Pechac, Jergus"]
[Result "1-0"]
[ECO "C67"]
[WhiteElo "2585"]
[BlackElo "2637"]
[Annotator "TA"]
[PlyCount "83"]
[EventDate "2023.01.10"]
[EventType "tourn"]
[EventCountry "NED"]
[SourceTitle "playchess.com"]
[Source "ChessBase"]
[SourceQuality "1"]
[TimeControl "40/6000+30:30/3000+30:900+30"]

1. e4 e5 2. Nf3 Nc6 3. Bb5 Nf6 4. O-O Nxe4 5. d4 Nd6 6. Bxc6 dxc6 7. dxe5 Nf5 8. Qxd8+ Kxd8 9. h3 {[%emt 0:00:55] is cutting edge theory.} Be7 {[%emt 0:00:33] C67: Ruy Lopez: Berlin Defence: 4 0-0 Nxe4.} 10. Nc3 Nh4 {[%emt 0:00:47] And now ...Nxf3+ would win.} 11. Nxh4 Bxh4 {[%emt 0:00:08] White has an edge.} 12. Be3 h5 {[%emt 0:05:12] Black is weak on the dark squares} 13. Rad1+ Ke8 $1 14. Ne4 $5 {[%emt 0:01:56][%mdl 4] An interesting side line.} Bf5 15. Ng5 $36 {[%emt 0:01:14][%mdl 2048] [#] White has some pressure.} Bxc2 $146 {[%emt 0:03:19] ...Bxg5 would be deadly.} ({Predecessor:} 15... Rf8 16. Rd4 Bxg5 17. Bxg5 f6 18. exf6 gxf6 19. Bh4 Kf7 20. Rf4 Kg6 21. Re1 Bxc2 {½-½ Anton Guijarro,D (2679)-Tari,A (2625) Tata Steel 83rd 2021 (5)}) 16. Rd4 Bxg5 17. Bxg5 c5 (17... Rf8 $11) 18. Rd2 $1 $14 Ba4 19. b3 {[%emt 0:06:17] White is more active.} Bc6 20. Rfd1 {[%emt 0:00:24] Threatening mate with Rd8+.} f6 21. exf6 gxf6 22. Bxf6 Rg8 23. f4 Kf7 24. Bg5 a5 25. Rc1 b6 26. Kf2 Rae8 27. Kg3 Rg6 28. Rcd1 Rge6 29. Kh4 $1 Re2 (29... Re3 $14) 30. g3 $1 $16 a4 31. bxa4 (31. Kxh5 R2e3 32. Rf1 Bb5 $17) (31. Bd8 $1 $16) 31... Bxa4 32. Rxe2 Rxe2 {[%emt 0:00:10][%mdl 4096] Endgame KRB-KRB} 33. Rd8 c4 34. Rc8 c5 (34... Rxa2 $2 35. Rxc7+ Ke6 36. Rxc4 $18) 35. f5 ({White should play} 35. Kxh5 $14 Re8 36. Rxe8 Bxe8 37. f5) 35... c3 (35... Rf2 $5 ) 36. Rc7+ Kf8 $2 (36... Kg8 $14) 37. Bh6+ $1 $18 Kg8 38. f6 {[%emt 0:12:10][%cal Bf5f6,Bf6f7][%mdl 32] Intending f7+ and mate.} ({Weaker is} 38. Kxh5 Be8+ 39. Kg5 Rd2 40. Rg7+ Kf8 $16) 38... Rf2 {[%emt 0:00:12] [#]} 39. Rg7+ $1 Kh8 {[%emt 0:00:07] [#]} 40. f7 (40. Kxh5 Be8+ 41. Kg4 Rxf6 $17) 40... c2 41. Rg8+ ({Worse is} 41. Kxh5 Rxf7 42. Rxf7 Be8 $11) 41... Kh7 42. Bf4 {[%emt 0:00:20] Weighted Error Value: White=0.07 (flawless) /Black=0.56} (42. f8=R $2 {is the wrong capture.} Rxf8 {[%mdl 64] Deflection} 43. Bxf8 c1=Q $19) 1-0

[Event "85th Tata Steel Challengers 2023"]
[Site "Wijk aan Zee"]
[Date "2023.01.22"]
[Round "8.4"]
[White "L'Ami, Erwin"]
[Black "Beerdsen, Thomas"]
[Result "1/2-1/2"]
[ECO "D31"]
[WhiteElo "2627"]
[BlackElo "2515"]
[Annotator "TA"]
[PlyCount "93"]
[EventDate "2023.01.10"]
[EventType "tourn"]
[EventCountry "NED"]
[SourceTitle "playchess.com"]
[Source "ChessBase"]
[SourceQuality "1"]
[TimeControl "40/6000+30:30/3000+30:900+30"]

1. d4 d5 2. c4 c6 3. Nc3 Nf6 4. e3 e6 5. b3 Nbd7 6. Bb2 {[%emt 0:00:44] D31: Queen's Gambit Declined: Semi-Slav without ...Nf6 (+ Marshall Gambit and Noteboom) and Exchange Variation lines without ...Nf6.} Bd6 7. Bd3 $1 {[%emt 0:04:50][%mdl 4] now scores much better than the old 7.Nf3.} O-O 8. c5 Bc7 9. f4 $1 b6 10. cxb6 {[%emt 0:08:09] [#]} axb6 $146 ({Predecessor:} 10... Bxb6 11. Nf3 c5 12. O-O cxd4 13. exd4 Bb7 14. Na4 Ne4 15. b4 Bc7 16. Ne5 Nxe5 17. fxe5 {½-½ Maghsoodloo,P (2720)-Erigaisi,A (2718) Tata Steel India Rapid 2022 (7)}) 11. Nf3 Ba6 12. O-O Bxd3 13. Qxd3 b5 14. Rfc1 Qb8 (14... Bd6 {keeps more tension.} 15. Ne5 Qb6 16. a4 Rfb8) 15. Rc2 Qb7 16. Rac1 Rfc8 17. h3 h6 18. g4 Bd8 19. g5 hxg5 20. Nxg5 (20. fxg5 $11 Nh5 21. g6) 20... Be7 (20... Nf8 $17) 21. Kh2 c5 22. dxc5 Rxc5 23. Rg1 Bf8 (23... b4 $15 24. Na4 Rxc2+ 25. Qxc2 Rc8) 24. Rcg2 $11 e5 25. b4 (25. Nxf7 Kxf7 26. Qg6+ (26. Qf5 $2 exf4 27. b4 f3 $19) 26... Ke7 $17) 25... Rc4 (25... e4 {simplifies} 26. Qd2 Rc4 27. a3 d4) 26. a3 (26. Nxf7 $2 Kxf7 27. a3 (27. Qf5 $2 d4 $19) 27... Kg8 $19) (26. Qf5 $11 exf4 27. Nh7 Nxh7 28. Nxb5 (28. Nxd5 f6 $17)) 26... exf4 (26... Re8 $15) 27. exf4 Rxf4 {[%emt 0:00:50] ...d4 is the strong threat.} 28. Nxb5 {[%emt 0:04:12][%cal Og5f7] Strongly threatening Nxf7!} Re8 $2 (28... Rc4 29. Nd4 $16 (29. Nh7 Ra6 $14)) (28... Qc6 $11) 29. Nd4 $2 {[%emt 0:03:38][%mdl 8192] White is more active.} (29. Nxf7 $1 $16 Ree4 30. Nh6+ (30. Nbd6 Qb8 $14) 30... Kh7 31. Nf7 Ng4+ {[%mdl 64] Discovered Attack} 32. Rxg4 (32. hxg4 Rxf7 33. Rd1 Qb6 $16) 32... Rxf7 33. Kh1) 29... Ne5 $19 30. Qd1 (30. Qb5 {was called for.} Qa7 31. Nc2) 30... Qb6 {[%emt 0:01:30] Threatens to win with ...Nc4.} 31. Ndf3 {[%emt 0:02:38] [#]} (31. Rf1 $142 Bd6 32. Kh1 (32. Rxf4 Ng6 $17 {[%mdl 64] Pin})) 31... Nfg4+ 32. Rxg4 $17 (32. hxg4 $2 {too greedy.} Nxf3+ 33. Qxf3 Rxf3 34. Nxf3 Qh6+ 35. Kg3 Bd6+ $19) 32... Nxg4+ 33. hxg4 Qh6+ 34. Kg2 Rxg4+ 35. Kf2 Rf4 {[%emt 0:01:19] White must now prevent ...Be7.} 36. Qxd5 $2 ({White should try} 36. Rg2 $15) 36... Qh2+ $2 (36... Qh4+ $1 $19 37. Rg3 Bd6 38. Qxd6 Qh2+ {[%mdl 64] Skewer} 39. Rg2 Rxf3+ {[%mdl 64] Discovered Attack} 40. Nxf3 Qxd6 41. Bxg7 Qd3 42. Bd4+ Kh7 43. Ng5+ Kg6 44. Nf3+ Kf5) 37. Rg2 $11 Qh1 (37... Qh4+ $11 38. Kg1 Rxf3 {[%mdl 64] Remove Defender} 39. Nxf3 Re1+ 40. Nxe1 Qxe1+ 41. Kh2 Qh4+ 42. Kg1 Qe1+ 43. Kh2 Qh4+ 44. Kg1 Qe1+) 38. Rg1 $2 (38. Kg3 $16 Bd6 39. Qxd6 Rg4+ {[%mdl 64] Decoy} 40. Kxg4 Qxg2+ 41. Kh4 Qxb2 42. Qd5) 38... Qh4+ $19 39. Rg3 {[%emt 0:00:09] [#] And now Be5 would win.} Qh1 $2 (39... Bd6 $1 $19 40. Qxd6 Qh2+ {[%mdl 64] Skewer} 41. Rg2 Rxf3+ {[%mdl 64] Discovered Attack} 42. Nxf3 Qxd6 43. Rxg7+ Kf8) 40. Rg1 ({Better is} 40. Bc3 $1 $14) 40... Qh4+ $2 (40... Qh2+ $11 41. Rg2 Qh4+ 42. Kg1 Rxf3 43. Nxf3 Re1+ 44. Nxe1 Qxe1+ 45. Kh2 Qh4+ 46. Kg1 Qe1+ 47. Kh2 Qh4+ 48. Kg1 Qe1+) 41. Rg3 {[%emt 0:01:12] [#] Be5 would be deadly.} Qh2+ $2 (41... Bd6 $1 $19 42. Qxd6 Qh2+ {[%mdl 64] Skewer} 43. Rg2 Rxf3+ {[%mdl 64] Discovered Attack} 44. Nxf3 Qxd6 45. Rxg7+ Kf8) 42. Rg2 $11 {[%emt 0:01:18] The position is equal.} Qh4+ 43. Kg1 Rxf3 {[%emt 0:00:17][%mdl 64] Remove Defender} 44. Nxf3 Re1+ $1 45. Nxe1 Qxe1+ 46. Kh2 Qh4+ 47. Kg1 {[%emt 0:00:03] An interesting game.   Weighted Error Value: White=0.56/Black=0.64} 1/2-1/2

[Event "85th Tata Steel Challengers 2023"]
[Site "Wijk aan Zee"]
[Date "2023.01.22"]
[Round "8.5"]
[White "Warmerdam, Max"]
[Black "Tabatabaei, M. Amin"]
[Result "1/2-1/2"]
[ECO "D79"]
[WhiteElo "2616"]
[BlackElo "2686"]
[Annotator "TA"]
[PlyCount "34"]
[EventDate "2023.01.10"]
[EventType "tourn"]
[EventCountry "NED"]
[SourceTitle "playchess.com"]
[Source "ChessBase"]
[SourceQuality "1"]
[TimeControl "40/6000+30:30/3000+30:900+30"]

1. Nf3 d5 2. g3 g6 3. Bg2 Bg7 4. d4 Nf6 5. c4 c6 6. cxd5 cxd5 7. Nc3 O-O 8. Ne5 e6 9. O-O Bd7 10. Bf4 Nc6 11. Qd2 Qb6 {[%emt 0:07:44] D79: Fianchetto Grünfeld: Symmetrical Variation (6 0-0 c6 7 cxd5 cxd5).} 12. Rfd1 Nxe5 13. Bxe5 {[%emt 0:02:09] [#]} Rfc8 $146 ({Predecessor:} 13... Rfd8 14. Rac1 Bc6 15. b3 Rd7 16. b4 Ne4 17. Nxe4 dxe4 18. Bxg7 Kxg7 19. Rc5 Rad8 {½-½ Kuljasevic,D (2569)-Kozul,Z (2601) CRO-ch 12th Opatija 2012 (8.6)}) 14. Rac1 Bc6 15. h4 a6 16. Rc2 Qd8 17. Rdc1 Ne8 {[%emt 0:01:58] An uneventful encounter.   Weighted Error Value: White=0.04 (flawless) /Black=0.06 (flawless)} 1/2-1/2

[Event "85th Tata Steel Challengers 2023"]
[Site "Wijk aan Zee"]
[Date "2023.01.22"]
[Round "8.6"]
[White "Roebers, Eline"]
[Black "Vaishali, Rameshbabu"]
[Result "1/2-1/2"]
[ECO "B33"]
[WhiteElo "2361"]
[BlackElo "2425"]
[Annotator "TA"]
[PlyCount "80"]
[EventDate "2023.01.10"]
[EventType "tourn"]
[EventCountry "NED"]
[SourceTitle "playchess.com"]
[Source "ChessBase"]
[SourceQuality "1"]
[TimeControl "40/6000+30:30/3000+30:900+30"]

1. e4 c5 2. Nf3 e6 3. d4 cxd4 4. Nxd4 Nf6 5. Nc3 Nc6 6. Ndb5 d6 7. Bf4 e5 8. Bg5 a6 9. Na3 b5 10. Bxf6 gxf6 11. Nd5 f5 12. g3 fxe4 13. Bg2 Bg7 14. Bxe4 Be6 15. Qh5 Rc8 {[%emt 0:00:14] 15...Rc8 has become a bit dusty these days.} 16. O-O {[%emt 0:01:02] B33: Sicilian: Pelikan and Sveshnikov Variations.} Ne7 17. Nxe7 Qxe7 18. Rad1 h6 {[%emt 0:06:42] [#]} (18... Bxa2 $2 19. b3 $18) 19. Rd2 $146 ({Predecessor:} 19. c3 O-O 20. Nc2 f5 21. Bd5 Rc5 22. Ne3 Bxd5 23. Nxd5 Qe6 24. Qf3 f4 25. Qe4 {½-½ Motylev,A (2649)-Grachev,B (2649) FIDE World Cup 2015 (1.4)}) 19... b4 (19... Bxa2 20. b3 $16) 20. Nb1 O-O 21. c3 a5 22. a3 f5 23. Bd5 e4 24. axb4 axb4 25. Rfd1 (25. cxb4 {simplifies} Bxd5 26. Rxd5 f4 27. Nc3) 25... e3 ({Don't do} 25... bxc3 26. Nxc3 Rcd8 27. Bxe6+ (27. Qg6 Rf6 $14) 27... Qxe6 28. Nd5 $16) 26. Bxe6+ ({Much weaker is} 26. fxe3 Bxd5 27. Rxd5 Qxe3+ 28. Kh1 Qe4+ 29. Kg1 f4 30. Rxd6 (30. Qg4 Rc5 $17) 30... fxg3 31. Qd5+ Qxd5 32. R6xd5 gxh2+ 33. Kh1 Rf4 $17) 26... Qxe6 27. Rxd6 Qe4 28. Qe2 f4 {[%emt 0:07:42] [#] White must now prevent ...fxg3.} 29. f3 $1 Qc4 30. R6d3 Rcd8 31. cxb4 {[%emt 0:07:20] Na3 would be deadly.} Rxd3 32. Rxd3 Qc1+ 33. Rd1 Qxb2 34. Qxb2 Bxb2 $11 {[%emt 0:00:02][%mdl 4096] Endgame KRB-KRN} 35. Kf1 fxg3 36. hxg3 Rxf3+ 37. Ke2 Rxg3 38. b5 Be5 39. Na3 Bf4 40. Nc4 Rg2+ {[%emt 0:02:02] An even fight not without its subleties.   Weighted Error Value: White=0.05 (flawless) /Black=0.03 (flawless)} 1/2-1/2

[Event "85th Tata Steel Challengers 2023"]
[Site "Wijk aan Zee"]
[Date "2023.01.22"]
[Round "8.7"]
[White "Supi, Luis Paulo"]
[Black "Adhiban, B.."]
[Result "0-1"]
[ECO "C02"]
[WhiteElo "2608"]
[BlackElo "2610"]
[Annotator "TA"]
[PlyCount "98"]
[EventDate "2023.01.10"]
[EventType "tourn"]
[EventCountry "NED"]
[SourceTitle "playchess.com"]
[Source "ChessBase"]
[SourceQuality "1"]
[TimeControl "40/6000+30:30/3000+30:900+30"]

1. e4 e6 2. d4 d5 3. e5 c5 4. c3 Nc6 5. Nf3 Bd7 6. Be2 Nge7 7. O-O Ng6 $1 {[%emt 0:00:04] 7...Ng6 is better than 7...Nf5.} 8. Be3 Qb6 {[%emt 0:00:05] C02: French: Advance Variation.} 9. b3 Be7 10. a3 a5 {[%emt 0:06:04] [#] The position is equal.} 11. Nbd2 $146 (11. g3 $5 ) ({Predecessor:} 11. g3 O-O 12. h4 f6 13. h5 Nh8 14. exf6 Rxf6 15. c4 cxd4 16. Bg5 d3 17. Qxd3 Rxf3 18. Qxf3 Bxg5 {0-1 Pajak,J (2310)-Yanofsky,D (2390) Canada-ch (zt) 1986}) 11... O-O 12. Re1 cxd4 13. cxd4 Na7 14. Bd3 Nb5 15. Qc1 Rfc8 16. Qb2 Na7 17. Rac1 Bb5 18. Bb1 Ba6 19. a4 {[%emt 0:13:03] Inhibits Nb5.} Nc6 20. g3 Nb4 21. h4 h6 22. h5 Nf8 23. g4 Qd8 24. Kh2 Nd3 25. Bxd3 Bxd3 26. Rc3 Rxc3 27. Qxc3 Be4 28. Qb2 Bb4 29. Kg3 Nh7 {[%emt 0:18:05] Strongly threatening ...Bxf3.} 30. Rc1 Bd3 31. Nf1 (31. Ne1 $11 {keeps the balance.} Ba6 32. Qb1) 31... f5 $17 {[%emt 0:01:50] aiming for ...fxg4.} 32. exf6 {[%emt 0:03:37] And now Ne5 would win.} Bd6+ {[%emt 0:06:26] A strong pair of Bishops.} ({But not} 32... gxf6 33. Bxh6 Qe7 34. Rd1 $14) ({Reject} 32... Qxf6 $6 33. Ne5 Bd6 34. Rd1 $11) 33. Kh3 Qxf6 ({Much weaker is} 33... gxf6 34. Bxh6 f5 35. g5 $11) 34. N1h2 Rf8 {[%emt 0:01:15] Black has more active pieces.} (34... Be4 $17 35. Ne5 Ng5+ 36. Bxg5 Qxg5) 35. Ne5 $15 Bxe5 36. dxe5 Ng5+ $40 {[%emt 0:00:07][%mdl 128] Black attacks.} 37. Kg3 {[%emt 0:03:24] [#]} (37. Kg2 $1 $11 {was the only way to keep the balance.} Qd8 38. Kg3) 37... Ne4+ $1 $17 38. Kg2 $2 {[%emt 0:00:03][%mdl 8192] Now White is beyond hope.} (38. Kh3 $17 Nxf2+ 39. Bxf2 Qxf2 40. Qxf2 Rxf2 41. Rc8+ Kh7 42. Kg3) 38... Qh4 $19 {[%emt 0:00:35][%cal Of8f3] Threatens to win with ...Rf3! Black is clearly winning.} 39. Re1 {[%emt 0:05:32] [#]} Rf3 $3 {[%emt 0:04:01][%mdl 576] Deflection} 40. Nxf3 Qxg4+ 41. Kh2 Qxh5+ 42. Kg2 Qg4+ {[%emt 0:01:07][%mdl 64] Deflection} 43. Kh2 Qxf3 {[%emt 0:00:26] White is weak on the light squares} 44. Qd4 Be2 {[%emt 0:04:31] ( -> ...Qh5+)} 45. Rg1 Qh5+ 46. Kg2 Bg4 47. Kf1 Qh3+ 48. Ke1 Qf3 49. Kf1 h5 {[%emt 0:03:22] Artfully played by Adhiban.   Weighted Error Value: White=0.29 (precise) /Black=0.11 (very precise)} 0-1

[Event "85th Tata Steel Challengers 2023"]
[Site "Wijk aan Zee"]
[Date "2023.01.24"]
[Round "9.1"]
[White "Donchenko, Alexander"]
[Black "L'Ami, Erwin"]
[Result "0-1"]
[ECO "D35"]
[WhiteElo "2627"]
[BlackElo "2627"]
[Annotator "TA"]
[PlyCount "114"]
[EventDate "2023.01.10"]
[EventType "tourn"]
[EventCountry "NED"]
[SourceTitle "playchess.com"]
[Source "ChessBase"]
[SourceQuality "1"]
[TimeControl "40/6000+30:30/3000+30:900+30"]

1. d4 d5 2. c4 e6 3. Nc3 Nf6 4. cxd5 exd5 5. Bg5 c6 6. e3 Bf5 7. Qb3 (7. Qf3 {simplifies} Bg6 8. Bxf6 Qxf6 9. Qxf6 gxf6 10. h4) 7... Qb6 {[%emt 0:01:22] D35: Queen's Gambit Declined: Exchange Variation.} 8. Bxf6 gxf6 (8... Qxb3 {simplifies} 9. axb3 gxf6 10. Nf3 h5) 9. Kd2 {[%emt 0:00:18] is recently more successful than 9.Nf3.} (9. Nf3 {simplifies} Bg6 10. Be2 Qxb3 11. axb3 Nd7 12. O-O) 9... Nd7 {[%emt 0:06:29][%cal Bb8d7,Bd7f6,Bf6e4][%mdl 32] The position is equal.} (9... Qxb3 {simplifies} 10. axb3 Nd7 11. Bd3 Bg6) 10. Bd3 {[%emt 0:00:33] [#]} Bxd3 $5 $146 {[%emt 0:08:41][%mdl 8] An interesting novelty.} ({Predecessor:} 10... Bg6 11. Nf3 Qc7 12. Rac1 Nb6 13. Nxd5 Nxd5 14. Qxd5 Bb4+ 15. Ke2 Qe7 16. Qb3 O-O-O {1-0 Xiong,J (2692)-Grischuk,A (2745) Speed Chess Q2 KO blitz 2022 (2.9)}) 11. Kxd3 Rg8 12. g3 Qxb3 13. axb3 f5 14. Nf3 Nf6 15. Nh4 Ne4 16. Rhf1 (16. Nxf5 $2 {too greedy.} Nxf2+ 17. Ke2 Nxh1 18. Rxh1 O-O-O $19) 16... Nd6 17. f3 Be7 18. Ng2 h5 19. Nf4 h4 20. Rg1 hxg3 21. Nce2 Kd7 22. Rxg3 Rh8 23. h3 Ne8 24. Kc2 Nc7 25. Rg7 Ke8 26. Rag1 Kf8 27. R7g2 Re8 28. Kd3 Bd8 29. Ng3 Bg5 $1 {[%emt 0:00:42] And now ...Bxf4 would win.} 30. Nge2 Bxf4 31. Nxf4 Ne6 32. Nxe6+ Rxe6 $15 {[%emt 0:00:08][%mdl 4096] Endgame KRR-KRR} 33. Rh2 f4 34. e4 dxe4+ 35. fxe4 Reh6 36. Rgh1 Rh4 37. Kc2 Ke7 38. Rf1 Rd8 39. Rhf2 Rxd4 40. Rxf4 Rh7 41. R1f3 c5 42. Rf5 b6 43. R5f4 Rd6 44. Kc3 Rdh6 45. b4 cxb4+ 46. Kxb4 Rh4 47. Kb5 ({Much worse is} 47. Rxh4 Rxh4 48. Kb5 Rxe4 $15) 47... Rxf4 48. Rxf4 Rxh3 $11 {[%emt 0:00:21] KR-KR} 49. Ka6 Rh2 50. Kxa7 Rxb2 51. Kb7 f6 52. Kc6 Ke6 53. Kc7 Rb5 54. Kc6 $2 {[%emt 0:00:16][%mdl 8192] [#]} (54. Rh4 $11) 54... Rh5 $19 55. Kxb6 Ke5 {[%emt 0:00:34] Black mates.} 56. Rf1 Rh4 57. Rf5+ Ke6 $1 {[%emt 0:00:14] Weighted Error Value: White=0.29 (precise) /Black=0.04 (flawless)} ({Weaker is} 57... Kxe4 58. Rxf6 Ke5 59. Rc6 $11) 0-1